 Dungeon Crawl Stone Soup version 0.29-a0-617-g7a6b98fccd (webtiles) character file.

Game seed: 15120316317624301894

141 wingedge the Vexing (level 5, -2/39 HPs)
             Began as a Human Arcane Marksman on June 17, 2022.
             Was an Initiate of Gozag.
             Slain by Terence
             ... wielding a +0 falchion
              (3 damage)
             ... on level 3 of the Dungeon.
             The game lasted 00:07:37 (3042 turns).

wingedge the Vexing (Human Arcane Marksman)         Turns: 3042, Time: 00:07:38

Health: -2/39      AC:  4    Str: 10    XL:     5   Next: 48%
Magic:  6/6        EV: 12    Int: 13    God:    Gozag
Gold:   208        SH:  0    Dex: 16    Spells: 5/6 levels left

rFire   + . .      SeeInvis .   y - +0 dagger (elec)
rCold   . . .      Faith    .   (no shield)
rNeg    . . .      Spirit   .   k - +0 leather armour
rPois   .          Reflect  .   (no helmet)
rElec   .          Harm     .   (no cloak)
rCorr   .          Rampage  .   (no gloves)
Will    .....                   e - +0 pair of boots
Stlth   +.........              (no amulet)
HPRegen 0.13/turn               (no ring)
MPRegen 0.10/turn               (no ring)

@: hasted, very quick
A: deterioration 1, fire resistance 1, wild magic 1
a: Renounce Religion, Potion Petition, Call Merchant, Bribe Branch


You were on level 3 of the Dungeon.
You worshipped Gozag.
Gozag was aware of your devotion.
You visited 1 branch of the dungeon, and saw 3 of its levels.

You collected 239 gold pieces.
You paid 31 gold pieces to Gozag.

Inventory:

Hand Weapons
 a - a +0 hand crossbow
 p - a +0 short sword
 y - a +0 dagger of electrocution (weapon)
Missiles
 w - 5 atropa-tipped darts
Armour
 b - a +0 robe
 e - a +0 pair of boots (worn)
 g - a +0 ring mail
 k - a +0 leather armour (worn)
Magical Staves
 s - a staff of cold
Jewellery
 u - a ring of fire
Wands
 r - a wand of flame (16)
Scrolls
 c - a scroll of vulnerability
 d - a scroll of blinking {unknown}
 h - a scroll of magic mapping
 i - a scroll of acquirement {unknown}
 l - a scroll of enchant armour {unknown}
 n - a scroll of teleportation {unknown}
 o - a scroll of identify {unknown}
 q - a scroll of amnesia {unknown}
Potions
 f - a potion of flight {unknown}
 m - a potion of mutation
 t - a potion of heal wounds {unknown}
 v - a potion of lignification {unknown}
 x - a potion of magic {unknown}


   Skills:
 + Level 2.4 Fighting
 * Level 1.0 Short Blades
 + Level 3.7 Crossbows
 - Level 2.0 Dodging
 - Level 1.0 Spellcasting
 + Level 3.8 Hexes


You had 5 spell levels left.
You knew the following spells:

 Your Spells              Type           Power      Damage    Failure   Level
a - Slow                  Hex            52%        N/A       13%         1

Your spell library contained the following spells:

 Spells                   Type           Power      Damage    Failure   Level
 Necrotize                Necr           0%         1d4       45%         1
 Inner Flame              Hex/Fire       7%         N/A       56%         3
 Portal Projectile        Hex/Tloc       14%        N/A       56%         3
 Cause Fear               Hex            6%         N/A       71%         4
 Blade Hands              Tmut           0%         N/A       100%        5
 Haunt                    Necr/Summ      0%         N/A       100%        7
 Storm Form               Tmut/Air       0%         N/A       100%        7


Dungeon Overview and Level Annotations

Branches:
Dungeon (3/15)

Altars:
Gozag

Annotations:
D:3 Terence


Innate Abilities, Weirdness & Mutations

Your body sometimes deteriorates upon taking damage.
Your flesh is heat resistant. (rF+)
Your spells are a little harder to cast, but a little more powerful.


Message History

There is an open door here.
There is an open door here.
Things that are here:
a +0 hunting sling; a +0 club
There is an open door, spattered with blood here.
You see here 6 poisoned darts.
Aiming: Slow (safe; 9% risk of failure)
Press: ? - help, Q - select action, (/) - cycle Shift-Dir - straight line, f - Terence
Aim: Terence, wielding a +0 falchion and wearing a +2 ring mail of cold resistance (chance to affect: 57%) Terence seems to slow down.
Terence drinks a potion.
Terence flickers and vanishes!
Deactivating autopickup; reactivate with Ctrl-A.
There is an open door, spattered with blood here.
You see here 6 poisoned darts.
Okay, then.
As you read the scroll labelled LITOJI KIWUW, it crumbles to dust.
You feel aware of your surroundings.
It was a scroll of magic mapping.
Something hits you.
You hit something but do no damage. Lightning courses through something!
Something hits you.
You hit something but do no damage. Something hits you.
You miss something. Something hits you but does no damage.
You hit something but do no damage. Something hits you.
You hit something but do no damage. Something hits you!
You miss something. Something hits you!
You miss something. Something hits you!
* * * LOW HITPOINT WARNING * * *
Okay, then.
It was a potion of mutation.
You feel extremely strange.
You feel resistant to heat.
You feel yourself wasting away.
You feel less in control of your magic. Something hits you.
* * * LOW HITPOINT WARNING * * *
It was a potion of haste.
You feel yourself speed up. Something hits you.
* * * LOW HITPOINT WARNING * * *
Things that are here:
a +0 hunting sling; a +0 club Something hits you.
You die...
Your body crumbles into a pile of gold.

**,,,,,,,,,,*,*.....###.###.#..
*,,,,,,,***,*,+..>.............
*,,,,,,,+,,,*,#....##..####....
*,,,,,,.##****####..##..###....
*,,,,,,,..,,,,,................
*******,..###########..####P...
#,#.#[.'...#..#..#,,#....
#.#.#.(#){.#).#..#,,#....
**####.#.####@..##)#..##+#....
*$.......PP.#(###.............
*,!...............8...........
*,..................#######...
*,........####..###+#,,*,,*,..
**####+#..#,,#..#,,,+,,+,,*,..
*,#.P#,,#P.#,,,*******,..
*,#..#*+#..#****,,,,,,,..
******,#...,,....,,,,,,,,,,,..


There were no monsters in sight!

Vanquished Creatures
  A howler monkey (D:3)
  A gnoll (D:1)
  5 adders (D:2)
  A worm (D:2)
  4 orcs (D:3)
  2 ball pythons (D:1)
  3 bats
  2 endoplasms
  A giant cockroach (D:1)
  10 goblins
  3 hobgoblins (D:2)
  A frilled lizard (D:2)
  2 kobolds
  8 rats
44 creatures vanquished.

Notes
Turn   | Place    | Note
-------+----------+-------------------------------------------
     0 | D:1      | wingedge the Human Arcane Marksman began the quest for the
                  | Orb.
     0 | D:1      | Reached XP level 1. HP: 15/15 MP: 2/2
   350 | D:1      | Reached XP level 2. HP: 21/21 MP: 3/3
   753 | D:1      | Reached XP level 3. HP: 26/26 MP: 2/4
  1241 | D:2      | Got the Incunabulum of Shifting Unholy Secrets
  1375 | D:2      | Reached XP level 4. HP: 25/33 MP: 2/5
  1910 | D:2      | Found an opulent altar of Gozag.
  1918 | D:2      | Became a worshipper of Gozag Ym Sagoz the Greedy
  2140 | D:2      | Found a faded altar of an unknown god.
  2459 | D:3      | Reached XP level 5. HP: 38/38 MP: 6/6
  2904 | D:3      | Noticed Terence
  2924 | D:3      | Reached skill level 1 in Short Blades
  3037 | D:3      | Gained mutation: Your flesh is heat resistant. (rF+)
                  | [potion of mutation]
  3037 | D:3      | Gained mutation: Your body sometimes deteriorates upon
                  | taking damage. [potion of mutation]
  3037 | D:3      | Gained mutation: Your spells are a little harder to cast,
                  | but a little more powerful. [potion of mutation]
  3039 | D:3      | HP: 1/39 [something (3)]
  3042 | D:3      | Slain by Terence

Illustrated notes

Levels and vault maps discovered:
D:1:      psy_arrival_basics, layout_loops_corners
D:2:      layout_loops_corners, basic_altar, basic_ecumenical_altar,
          palyth_stone_intersect
D:3:      corexii_shack_village, layout_basic, guppyfry_early_lair_pool,
          uniq_terence, uniq_jessica

Skill      XL: |  1  2  3  4  5 |
---------------+----------------+-----
Crossbows      | 3 |  3.7
Fighting       | 2 |  2.4
Short Blades   | 1 |  1.0
Dodging        | |  2.0
Spellcasting   | |  1.0
Hexes          | |  3.8

Action                   |  1- 3 |  4- 6 || total
-------------------------+-------+-------++-------
Melee: Dagger            |       |    17 ||    17
 Fire: Hand crossbow     |    58 |    75 ||   133
 Cast: Slow              |    17 |     9 ||    26
  Use: Potion            |       |     2 ||     2
       Scroll            |       |     1 ||     1
Armor: Robe              |     3 |       ||     3
       Leather armour    |     7 |    12 ||    19
Dodge: Dodged            |    22 |    31 ||    53

Table legend: (Time is in decaauts)
 A = Elapsed time spent in this place.
 B = Non-inter-level travel time spent in this place.
 C = Inter-level travel time spent in this place.
 D = Time resting spent in this place.
 E = Time spent auto-exploring this place.
 F = Levels seen in this place.
 G = Mean time per level.
                   A        B        C        D        E       F      G
               +--------+--------+--------+--------+--------+-----+--------+
         Total |   3091 |   3029 |     62 |    615 |   1887 |   3 | 1030.3 |
       Dungeon |   3091 |   3029 |     62 |    615 |   1887 |   3 | 1030.3 |
               +--------+--------+--------+--------+--------+-----+--------+

Top non-repeatable levels by time:
     D:2: 1199 daAuts
     D:1: 1176 daAuts
     D:3: 716 daAuts
